 Dungeon Crawl Stone Soup version 0.26.0-18-gc5c842f807 (webtiles) character file.

Game seed: 5949190218164606337

2727 kaeus the Skirmisher (level 9, -8/74 HPs)
             Began as a Demonspawn Fighter on Jan 23, 2021.
             Was a Follower of Trog.
             Splashed by Maggie's acid (12 damage)
             ... on level 8 of the Dungeon.
             The game lasted 00:08:17 (5983 turns).

kaeus the Skirmisher (Demonspawn Fighter)           Turns: 5983, Time: 00:08:17

Health: -8/74      AC: 11    Str: 19    XL:     9   Next: 40%
Magic:  9/9        EV:  4    Int: 11    God:    Trog [*.....]
Gold:   496        SH: 10    Dex: 12    Spells: 8/8 levels left

rFire    + + .     SeeInvis .   e - +3 hand axe (distort)
rCold    . . .     Faith    .   c - +0 kite shield
rNeg     . . .     Spirit   .   I - +0 plate armour {rF+}
rPois    .         Reflect  .   p - +2 hat
rElec    .         Harm     .   (no cloak)
rCorr    .         Rampage  .   (no gloves)
Will     .....                  n - +2 pair of boots {run}
Stlth    ..........             l - amulet of regeneration
HPRegen  0.62/turn              (no ring)
MPRegen  0.11/turn              (no ring)

@: corroded, mesmerised, slowed, very slow
A: antennae 2, rugged brown scales 1, fire resistance 1, powered by death 1
a: Renounce Religion, Berserk


You were on level 8 of the Dungeon.
You worshipped Trog.
Trog was aware of your devotion.
You visited 1 branch of the dungeon, and saw 8 of its levels.

You collected 496 gold pieces.

Inventory:

Hand Weapons
 e - a +3 hand axe of distortion (weapon)
 t - a +4 war axe of venom
 x - a +0 morningstar of protection
Armour
 c - a +0 kite shield (worn)
 n - a +2 pair of boots of running (worn)
 p - a +2 hat (worn)
 I - a +0 plate armour of fire resistance (worn)
Jewellery
 l - an amulet of regeneration (around neck)
 s - a +4 ring of protection {unknown}
 D - a cursed ring of attention {unknown}
 F - an uncursed ring of magical power {unknown}
Scrolls
 b - 4 scrolls of remove curse
 f - a scroll of amnesia
 k - 5 scrolls of teleportation
 o - 2 scrolls of identify
Potions
 a - a potion of flight {unknown}
 d - 2 potions of might
 g - a potion of cancellation {unknown}
 h - a potion of brilliance {unknown}
 j - 3 potions of curing
 q - a potion of heal wounds {unknown}
 r - a potion of mutation {unknown}
 u - a potion of ambrosia
 v - 2 potions of lignification
 z - a potion of berserk rage {unknown}
 A - a potion of resistance {unknown}
 B - a potion of degeneration {unknown}
 C - a potion of magic {unknown}


   Skills:
 + Level 7.1 Fighting
 + Level 6.1 Axes
 + Level 6.5 Armour
 + Level 6.4 Shields


You had 8 spell levels left.
You didn't know any spells.
Your spell library contained the following spells:

 Spells                   Type           Power        Failure   Level
 Magic Dart               Conj           0%           100%        1
 Searing Ray              Conj           0%           100%        2
 Dazzling Flash           Conj/Hex       0%           100%        3
 Fulminant Prism          Conj/Hex       0%           100%        4
 Iskenderun's Mystic Bla  Conj/Tloc      0%           100%        4


Dungeon Overview and Level Annotations

Branches:
Dungeon (8/15)             Temple (0/1) D:6
   Lair: D:8-11

Altars:
Dithmenos
Kikubaaqudgha
Makhleb
Nemelex Xobeh
Okawaru
Qazlal
Trog
Uskayaw
Xom

Annotations:
D:5 2 transporters, Snicker's ghost, amateur DsDe
D:8 Maggie


Innate Abilities, Weirdness & Mutations

You have a pair of antennae on your head.
You are partially covered in rugged brown scales. (AC +1, +3% HP)
Your flesh is heat resistant. (rF+)
You regenerate a little health from kills.


Message History

The bolt of fire hits you. You resist.
* * * LOW HITPOINT WARNING * * *
The adder bites you but does no damage.
You take 3 damage, and have 19/74 hp.
You hit Maggie.
Maggie is lightly wounded.
You barely miss the adder.
Maggie blinks!
The adder bites you.
* * * LOW HITPOINT WARNING * * *
The adder bites you.
* * * LOW HITPOINT WARNING * * *
Maggie gestures wildly while chanting.
Maggie attempts to bespell you!
You are mesmerised by Maggie!
The adder bites you.
* * * LOW HITPOINT WARNING * * *
You take 3 damage, and have 16/74 hp.
You feel better.
Maggie zaps a wand.
The bolt of acid hits you!!
* * * LOW HITPOINT WARNING * * *
The acid corrodes you!
You are splashed with acid!
You die...

.....######..
.........#.. ...........
######..........
........................+
................#.......#
.........S...............
........@§.....#.........
....##........#.........
. #..................
#...@............#.
#................#.
..##...........?..[†#.
...................).#.
#######............))#.
##..........).>..


You could see Maggie (mesmerising) and an adder.

Vanquished Creatures
  Erica (D:8)
  Sigmund (D:5)
  A black bear (D:7)
  An orc warrior (D:7)
  2 ogres
  A phantom (D:6)
  2 centaurs (D:5)
  A bullfrog (D:7)
  A scorpion (D:6)
  2 howler monkeys
  3 jellies
  2 hounds (D:5)
  A bullfrog skeleton (D:6)
  A gnoll shaman (D:5)
  6 orc priests
  6 orc wizards
  5 worker ants
  2 hound skeletons
  9 adders
  8 gnolls
  2 shadow imps
  4 white imps
  An adder zombie (D:7)
  2 adder skeletons
  2 worms
  2 dart slugs
  2 leopard geckos (D:2)
  31 orcs
  8 bats
  3 giant cockroaches (D:3)
  4 goblins
  10 hobgoblins
  10 jackals
  3 quokkas
  A ball python zombie (D:6)
  10 frilled lizards
  A jackal skeleton (D:4)
  6 kobolds
  9 rats
167 creatures vanquished.

Notes
Turn   | Place    | Note
-------+----------+-------------------------------------------
     0 | D:1      | kaeus the Demonspawn Fighter began the quest for the Orb.
     0 | D:1      | Reached XP level 1. HP: 18/18 MP: 1/1
   385 | D:1      | Gained mutation: You have a pair of small antennae on your
                  | head. [demonic ancestry]
   385 | D:1      | Reached XP level 2. HP: 22/24 MP: 2/2
   879 | D:2      | Found a stormy altar of Qazlal.
   990 | D:2      | Gained mutation: You regenerate a little health from kills.
                  | [demonic ancestry]
   990 | D:2      | Reached XP level 3. HP: 29/29 MP: 3/3
  1456 | D:2      | Gained mutation: You have a pair of antennae on your head.
                  | [demonic ancestry]
  1456 | D:2      | Reached XP level 4. HP: 35/35 MP: 4/4
  1723 | D:3      | Identified a +2 pair of boots of running (You found it on
                  | level 3 of the Dungeon)
  1965 | D:3      | Found a shimmering altar of Xom.
  2199 | D:3      | Gained mutation: Your flesh is heat resistant. (rF+)
                  | [demonic ancestry]
  2199 | D:3      | Reached XP level 5. HP: 31/42 MP: 5/5
  2404 | D:4      | Reached skill level 4 in Fighting
  2452 | D:4      | Reached XP level 6. HP: 43/48 MP: 6/6
  3167 | D:5      | Entered Level 5 of the Dungeon
  3169 | D:5      | Found a transporter.
  3169 | D:5      | Noticed Snicker's ghost (amateur DsDe)
  3176 | D:5      | Found a transporter.
  3192 | D:5      | Noticed a gargoyle
  3294 | D:5      | Reached XP level 7. HP: 36/55 MP: 7/7
  3403 | D:5      | Noticed Sigmund
  3410 | D:5      | Killed Sigmund
  3411 | D:5      | Reached skill level 5 in Fighting
  3418 | D:5      | Found a bloodstained altar of Trog.
  3470 | D:5      | Became a worshipper of Trog the Wrathful
  3887 | D:5      | Reached skill level 5 in Armour
  4046 | D:5      | Reached skill level 5 in Shields
  4046 | D:5      | Reached XP level 8. HP: 63/63 MP: 8/8
  4337 | D:6      | Found a sparkling altar of Nemelex Xobeh.
  4445 | D:6      | Found a staircase to the Ecumenical Temple.
  4578 | D:6      | Reached * piety under Trog
  4582 | D:6      | Reached skill level 6 in Fighting
  4582 | D:6      | Reached skill level 5 in Axes
  4849 | D:6      | Found a hide-covered altar of Uskayaw.
  4850 | D:6      | Found a bloodstained altar of Trog.
  4850 | D:6      | Found an ancient bone altar of Kikubaaqudgha.
  4850 | D:6      | Found a shadowy altar of Dithmenos.
  4857 | D:6      | Found a burning altar of Makhleb.
  4861 | D:6      | Found an iron altar of Okawaru.
  5826 | D:8      | Gained mutation: You are partially covered in rugged brown
                  | scales. (AC +1, +3% HP) [demonic ancestry]
  5826 | D:8      | Reached XP level 9. HP: 41/73 MP: 9/9
  5890 | D:8      | Noticed Erica
  5923 | D:8      | Killed Erica
  5924 | D:8      | Reached skill level 7 in Fighting
  5975 | D:8      | Noticed Maggie
  5983 | D:8      | Splashed by Maggie's acid

Illustrated notes

Levels and vault maps discovered:
D:1:      minmay_arrival_radiant_lines, layout_basic, minmay_tromino_i4
D:2:      cheibrodos_helix_gallery, layout_basic, grunt_qazlal_sundering
D:3:      layout_basic, xom_teletrap_fun
D:4:      layout_loops_ring, serial_glass, glass_columns_a, glass_columns_a,
          glass_columns_a, glass_columns_a, glass_columns_a, glass_columns_a,
          minmay_circle_x
D:5:      minmay_general_purpose_star, layout_basic, gammafunk_ghost_arena,
          trog_book, uniq_sigmund
D:6:      layout_basic, marbit_many_paths, minmay_overflow_temple_hex,
          minmay_temple_entry_antechambers, feat_on_display
D:7:      layout_gridville
D:8:      kennysheep_seaside_town, layout_basic, kennysheep_mini,
          nicolae_ossuary_entry_plus, kennysheep_cluttered_room,
          minmay_misc_feat_encased, kennysheep_generic_room_7, uniq_maggie,
          uniq_psyche, uniq_erica

Skill      XL: |  1  2  3  4  5  6  7  8  9 |
---------------+----------------------------+-----
Axes           | 2 3 4 5 6 |  6.1
Armour         | 3 4 5 6 |  6.5
Shields        | 3 4 5 6 |  6.4
Fighting       | 4 5 6 7 |  7.1

Action                   |  1- 3 |  4- 6 |  7- 9 || total
-------------------------+-------+-------+-------++-------
Melee: War axe           |   131 |   251 |    57 ||   439
       Hand axe          |       |       |   120 ||   120
Invok: Berserk           |       |       |     1 ||     1
  Use: Scroll            |       |       |    12 ||    12
       Potion            |       |       |     4 ||     4
Armor: Scale mail        |    66 |     7 |       ||    73
       Chain mail        |       |   223 |    62 ||   285
       Plate armour      |       |       |    26 ||    26
       Skin              |       |       |    35 ||    35
Dodge: Dodged            |    44 |    76 |    30 ||   150
Block: Kite shield       |    70 |   159 |    86 ||   315
